3AAA
ELLENBURG FIGHTING DACHSUNDS @ AUGUSTA TIMBER HAWKS
07/10/2029
 
TOP OF THE 1ST
Ellenburg Fighting Dachsunds batting - Pitching for Augusta Timber Hawks : LHP Damien Scudder
Pitching: LHP Damien Scudder
Batting: SHB Eugene Clutch 0-0: SINGLE (Groundball, 6MD)
Batting: RHB José Vázquez 0-0: Swinging Strike
0-1: Ball
1-1: Ball
2-1: Ball
3-1: Called Strike
3-2: Base on Balls
Eugene Clutch to second
Batting: RHB Steve Koch 0-0: Called Strike
0-1: Ball
1-1: Foul Ball, location: 2F
1-2: Foul Ball, location: 2F
1-2: SINGLE (Groundball, 4MD)
Eugene Clutch to third
José Vázquez to second
Runner from 3rd tries for Home, SAFE, no throw
Batting: RHB Preston Hernández 0-0: Ball
1-0: Foul Ball, location: 2F
1-1: SINGLE (Groundball, 4MD)
José Vázquez to third
Steve Koch to second
Runner from 3rd tries for Home, SAFE, throw made home
Batting: RHB Alan McLennan 0-0: Ball
1-0: Foul Ball, location: 2F
1-1: Ball
2-1: Fly out, F8 (Flyball, 78M)
Batting: LHB Vicente Castaneda 0-0: Ball
1-0: Swinging Strike
1-1: Foul Ball, location: 2F
1-2: Strikes out swinging
Batting: RHB Roy Bowman 0-0: Ball
1-0: Fielders Choice at 2nd, 6-4 (Groundball, 6)
Top of the 1st over - 2 runs, 3 hits, 0 errors, 2 left on base; Ellenburg 2 - Augusta 0
BOTTOM OF THE 1ST
Augusta Timber Hawks batting - Pitching for Ellenburg Fighting Dachsunds : RHP Daniel Riley
Pitching: RHP Daniel Riley
Batting: RHB Kenny Fleming 0-0: Called Strike
0-1: Ball
1-1: Foul Ball, location: 2F
1-2: Ball
2-2: Foul Ball, location: 2F
2-2: Foul Ball, location: 2F
2-2: Foul Ball, location: 2F
2-2: Foul Ball, location: 2F
2-2: Foul Ball, location: 2F
2-2: Foul Ball, location: 2F
2-2: Ball
3-2: Foul Ball, location: 2F
3-2: Fly out, F8 (Flyball, 8LXD)
Batting: RHB Pedro Jiménez 0-0: Foul Ball, location: 2F
0-1: Swinging Strike
0-2: Ball
1-2: Ball
2-2: SINGLE (Groundball, 34D)
Batting: LHB Juan Gabriel 0-0: Foul Ball, location: 2F
0-1: Ground out 4-3 (Groundball, 34)
Pedro Jiménez to second
Batting: LHB Damian Delaney 0-0: Ball
1-0: Called Strike
1-1: Ground out 6-3 (Groundball, 6)
Bottom of the 1st over - 0 runs, 1 hit, 0 errors, 1 left on base; Ellenburg 2 - Augusta 0
TOP OF THE 2ND
Ellenburg Fighting Dachsunds batting - Pitching for Augusta Timber Hawks : LHP Damien Scudder
Batting: RHB Isaac Downey 0-0: Called Strike
0-1: Ball
1-1: Called Strike
1-2: Strikes out swinging
Batting: RHB Marty Jennings 0-0: Swinging Strike
0-1: Ball
1-1: Ball
2-1: Swinging Strike
2-2: Ground out U3 (Groundball, 3)
Batting: SHB Eugene Clutch 0-0: SINGLE (Groundball, 56S) (infield hit)
Batting: RHB José Vázquez 0-0: Ball
1-0: Ground out 4-3 (Groundball, 4)
Top of the 2nd over - 0 runs, 1 hit, 0 errors, 1 left on base; Ellenburg 2 - Augusta 0
BOTTOM OF THE 2ND
Augusta Timber Hawks batting - Pitching for Ellenburg Fighting Dachsunds : RHP Daniel Riley
Batting: LHB Mike Hanson 0-0: Ground out 4-3 (Groundball, 4S)
Batting: RHB Anastasio Hernández 0-0: Ball
1-0: Ball
2-0: Called Strike
2-1: Foul Ball, location: 2F
2-2: Foul Ball, location: 2F
2-2: Ground out 4-3 (Groundball, 4)
Batting: RHB Jorge López 0-0: Ball
1-0: Swinging Strike
1-1: Called Strike
1-2: Foul Ball, location: 2F
1-2: Foul Ball, location: 2F
1-2: Ball
2-2: Strikes out swinging
Bottom of the 2nd over - 0 runs, 0 hits, 0 errors, 0 left on base; Ellenburg 2 - Augusta 0
TOP OF THE 3RD
Ellenburg Fighting Dachsunds batting - Pitching for Augusta Timber Hawks : LHP Damien Scudder
Batting: RHB Steve Koch 0-0: Ball
1-0: Fly out, F4 (Popup, 4S)
Batting: RHB Preston Hernández 0-0: Called Strike
0-1: Swinging Strike
0-2: Ball
1-2: Ball
2-2: Foul Ball, location: 2F
2-2: Ball
3-2: Base on Balls
Batting: RHB Alan McLennan 0-0: Called Strike
0-1: Swinging Strike
0-2: Foul Ball, location: 2F
0-2: Ball
1-2: Ball
2-2: Foul Ball, location: 2F
2-2: Fly out, F7 (Flyball, 78S)
Batting: LHB Vicente Castaneda 0-0: Ball
1-0: Foul Ball, location: 2F
1-1: Fly out, F6 (Flyball, 56D)
Top of the 3rd over - 0 runs, 0 hits, 0 errors, 1 left on base; Ellenburg 2 - Augusta 0
BOTTOM OF THE 3RD
Augusta Timber Hawks batting - Pitching for Ellenburg Fighting Dachsunds : RHP Daniel Riley
Batting: LHB Dan O'Day 0-0: Called Strike
0-1: Ball
1-1: Foul Ball, location: 2F
1-2: Strikes out looking
Batting: SHB Francisco Enríquez 0-0: Called Strike
0-1: Ball
1-1: Ground out 4-3 (Groundball, 4)
Batting: RHB Kenny Fleming 0-0: Called Strike
0-1: Fly out, F9 (Flyball, 9LMF)
Bottom of the 3rd over - 0 runs, 0 hits, 0 errors, 0 left on base; Ellenburg 2 - Augusta 0
TOP OF THE 4TH
Ellenburg Fighting Dachsunds batting - Pitching for Augusta Timber Hawks : LHP Damien Scudder
Batting: RHB Roy Bowman 0-0: Called Strike
0-1: Swinging Strike
0-2: Fly out, F7 (Flyball, 78D)
Batting: RHB Isaac Downey 0-0: Foul Ball, location: 2F
0-1: Ground out 1-3 (Groundball, 15S)
Batting: RHB Marty Jennings 0-0: Ball
1-0: Swinging Strike
1-1: Swinging Strike
1-2: Ground out U3 (Groundball, 34)
Top of the 4th over - 0 runs, 0 hits, 0 errors, 0 left on base; Ellenburg 2 - Augusta 0
BOTTOM OF THE 4TH
Augusta Timber Hawks batting - Pitching for Ellenburg Fighting Dachsunds : RHP Daniel Riley
Batting: RHB Pedro Jiménez 0-0: Ball
1-0: Foul Ball, location: 2F
1-1: SINGLE (Groundball, 56D)
Batting: LHB Juan Gabriel 0-0: Foul Ball, location: 2F
0-1: Fly out, F6 (Popup, 6D)
Batting: LHB Damian Delaney 0-0: Ball
Pedro Jiménez steals 2nd base
1-0: Ball
2-0: Foul Ball, location: 2F
2-1: Swinging Strike
2-2: Strikes out swinging
Batting: LHB Mike Hanson 0-0: Foul Ball, location: 2F
0-1: Ball
1-1: Foul Ball, location: 2F
1-2: Fly out, F8 (Flyball, 78D)
Bottom of the 4th over - 0 runs, 1 hit, 0 errors, 1 left on base; Ellenburg 2 - Augusta 0
TOP OF THE 5TH
Ellenburg Fighting Dachsunds batting - Pitching for Augusta Timber Hawks : LHP Damien Scudder
Batting: SHB Eugene Clutch 0-0: Ball
1-0: Ball
2-0: Called Strike
2-1: Swinging Strike
2-2: Ball
3-2: Foul Ball, location: 2F
3-2: Base on Balls
Batting: RHB José Vázquez 0-0: Ball
1-0: Grounds into double play, 4-6-3 (Groundball, 4)
Batting: RHB Steve Koch 0-0: Fly out, F8 (Flyball, 8LD)
Top of the 5th over - 0 runs, 0 hits, 0 errors, 0 left on base; Ellenburg 2 - Augusta 0
BOTTOM OF THE 5TH
Augusta Timber Hawks batting - Pitching for Ellenburg Fighting Dachsunds : RHP Daniel Riley
Batting: RHB Anastasio Hernández 0-0: Ball
1-0: Foul Ball, location: 2F
1-1: Called Strike
1-2: Foul Ball, location: 2F
1-2: Ground out 4-3 (Groundball, 4)
Batting: RHB Jorge López 0-0: Called Strike
0-1: Called Strike
0-2: SINGLE (Groundball, 6MD)
Batting: LHB Dan O'Day 0-0: Grounds into double play, 4-6-3 (Groundball, 4)
Bottom of the 5th over - 0 runs, 1 hit, 0 errors, 0 left on base; Ellenburg 2 - Augusta 0
TOP OF THE 6TH
Ellenburg Fighting Dachsunds batting - Pitching for Augusta Timber Hawks : LHP Damien Scudder
Batting: RHB Preston Hernández 0-0: Called Strike
0-1: Foul Ball, location: 2F
0-2: Ball
1-2: Strikes out swinging
Batting: RHB Alan McLennan 0-0: Swinging Strike
0-1: Ball
1-1: Called Strike
1-2: SINGLE (Line Drive, 4MD)
Batting: LHB Vicente Castaneda 0-0: Ball
1-0: Ball
2-0: Grounds into double play, 4-6-3 (Groundball, 4)
Top of the 6th over - 0 runs, 1 hit, 0 errors, 0 left on base; Ellenburg 2 - Augusta 0
BOTTOM OF THE 6TH
Augusta Timber Hawks batting - Pitching for Ellenburg Fighting Dachsunds : RHP Daniel Riley
Batting: SHB Francisco Enríquez 0-0: Foul Ball, location: 2F
0-1: Ball
1-1: Swinging Strike
1-2: Foul Ball, location: 2F
1-2: Ball
2-2: Foul Ball, location: 2F
2-2: Ground out 4-3 (Groundball, 4M)
Batting: RHB Kenny Fleming 0-0: SINGLE (Line Drive, 8LS)
Batting: RHB Pedro Jiménez 0-0: Ball
Kenny Fleming steals 2nd base
1-0: Foul Ball, location: 2F
1-1: Called Strike
1-2: Ball
2-2: Ball
3-2: SINGLE (Groundball, 6M) (infield hit)
Kenny Fleming to third
Batting: LHB Juan Gabriel 0-0: Ball
1-0: Fly out, F9 (Flyball, 9S)
Batting: LHB Damian Delaney Balk!
Kenny Fleming scores
Pedro Jiménez to second
0-0: Foul Ball, location: 2F
0-1: Foul Ball, location: 2F
0-2: Ball
1-2: Ball
2-2: Ball
3-2: Fly out, F8 (Flyball, 8LM)
Bottom of the 6th over - 1 run, 2 hits, 0 errors, 1 left on base; Ellenburg 2 - Augusta 1
TOP OF THE 7TH
Ellenburg Fighting Dachsunds batting - Pitching for Augusta Timber Hawks : LHP Damien Scudder
Batting: RHB Roy Bowman 0-0: Called Strike
0-1: Swinging Strike
0-2: Ball
1-2: SINGLE (Flyball, 89M)
Pitching: RHP Brian Krick
Batting: RHB Isaac Downey 0-0: Bunted foul
0-1: Ball
1-1: Bunted foul
1-2: Hit by Pitch
Roy Bowman to second
Batting: RHB Marty Jennings 0-0: Bunted foul
0-1: Sac Bunt - play at first, batter OUT! 3-4
Roy Bowman to third
Isaac Downey to second
Batting: SHB Eugene Clutch 0-0: Ball
1-0: Swinging Strike
1-1: Swinging Strike
1-2: Ball
2-2: Foul Ball, location: 2F
2-2: 3-RUN HOME RUN (Flyball, 9D), Distance : 384 ft
Batting: RHB José Vázquez 0-0: Foul Ball, location: 2F
0-1: DOUBLE (Flyball, 8RXD)
Pitching: RHP Cornelius Bigelow
Batting: RHB Steve Koch 0-0: Called Strike
0-1: Ball
1-1: DOUBLE (Flyball, 8LD)
José Vázquez scores
Batting: RHB Preston Hernández 0-0: Ball
1-0: Ball
2-0: Foul Ball, location: 2F
2-1: Fly out, F9 (Flyball, 9D)
Runner from 2nd tags up, SAFE at 3rd, no throw
Batting: RHB Alan McLennan 0-0: Ball
1-0: 2-RUN HOME RUN (Flyball, 9D), Distance : 373 ft
Batting: LHB Vicente Castaneda 0-0: Ground out 4-3 (Groundball, 4M)
Top of the 7th over - 6 runs, 5 hits, 0 errors, 0 left on base; Ellenburg 8 - Augusta 1
BOTTOM OF THE 7TH
Augusta Timber Hawks batting - Pitching for Ellenburg Fighting Dachsunds : RHP Daniel Riley
Batting: LHB Mike Hanson 0-0: Ball
1-0: Ball
2-0: Foul Ball, location: 2F
2-1: SINGLE (Groundball, 6MD)
Batting: RHB Anastasio Hernández 0-0: Foul Ball, location: 2F
0-1: Ball
1-1: Ball
2-1: Fly out, F3 (Popup, 3F)
Batting: RHB Jorge López 0-0: Called Strike
0-1: Foul Ball, location: 2F
0-2: Ball
1-2: Ball
2-2: SINGLE (Line Drive, 7)
Mike Hanson to second
Batting: LHB Dan O'Day 0-0: 3-RUN HOME RUN (Line Drive, 9LD), Distance : 378 ft
Batting: SHB Francisco Enríquez 0-0: Called Strike
0-1: Ball
1-1: Called Strike
1-2: SINGLE (Line Drive, 6MD)
Pitching: LHP Vincent Bannon
Batting: RHB Kenny Fleming 0-0: Foul Ball, location: 2F
0-1: Foul Ball, location: 2F
0-2: Ball
1-2: Foul Ball, location: 2F
1-2: Ball
2-2: Fly out, F5 (Popup, 56S)
Batting: RHB Pedro Jiménez 0-0: Called Strike
0-1: Ball
1-1: SINGLE (Flyball, 78S)
Francisco Enríquez to second
Runner from 2nd tries for 3rd, SAFE, throw made to third
Batting: LHB Juan Gabriel 0-0: Ball
1-0: Ball
2-0: Ball
3-0: Base on Balls
Pedro Jiménez to second
Batting: LHB Damian Delaney 0-0: Ball
1-0: DOUBLE (Line Drive, 89D)
Francisco Enríquez scores
Pedro Jiménez scores
Juan Gabriel to third
Runner from 3rd tries for Home, SAFE, no throw
Batting: LHB Mike Hanson 0-0: SINGLE (Flyball, 78S)
Damian Delaney to third
Runner from 3rd tries for Home, SAFE, throw made home
Mike Hanson to second
Pitching: RHP Brad Cunnick
Batting: RHB Anastasio Hernández 0-0: Fly out, F6 (Line Drive, 6)
Bottom of the 7th over - 7 runs, 7 hits, 0 errors, 1 left on base; Ellenburg 8 - Augusta 8
TOP OF THE 8TH
Ellenburg Fighting Dachsunds batting - Pitching for Augusta Timber Hawks : RHP Cornelius Bigelow
Batting: RHB Roy Bowman 0-0: Called Strike
0-1: Ball
1-1: Fly out, F9 (Flyball, 9S)
Pinch Hitting: LHB Steve Ingram 0-0: Swinging Strike
0-1: Ground out U3 (Groundball, 3L)
Batting: RHB Marty Jennings 0-0: Foul Ball, location: 2F
0-1: Ball
1-1: Fly out, F4 (Popup, 4MD)
Top of the 8th over - 0 runs, 0 hits, 0 errors, 0 left on base; Ellenburg 8 - Augusta 8
BOTTOM OF THE 8TH
Augusta Timber Hawks batting - Pitching for Ellenburg Fighting Dachsunds : RHP Brad Cunnick
Now at 3B: Ron Johnston
Pinch Hitting: SHB Eduardo Pampin 0-0: Called Strike
0-1: Ball
1-1: Swinging Strike
1-2: Foul Ball, location: 2F
1-2: Ball
2-2: Foul Ball, location: 2F
2-2: DOUBLE (Line Drive, 5D)
Pinch Hitting: SHB Adrián Zamudio 0-0: Intentional Walk
Pinch Runner at 2nd Luis Moreno:
Batting: SHB Francisco Enríquez 0-0: Called Strike
0-1: Ball
1-1: Ball
2-1: Bunt missed!
2-2: Fly out, F4 (Line Drive, 34)
Batting: RHB Kenny Fleming 0-0: Called Strike
0-1: Called Strike
0-2: Ball
1-2: Foul Ball, location: 2F
1-2: Ball
2-2: Ball
3-2: Base on Balls
Luis Moreno to third
Adrián Zamudio to second
Batting: RHB Pedro Jiménez 0-0: Swinging Strike
0-1: Ball
1-1: Foul Ball, location: 2F
1-2: Strikes out looking
Batting: LHB Juan Gabriel 0-0: Called Strike
0-1: Foul Ball, location: 2F
0-2: Strikes out looking
Bottom of the 8th over - 0 runs, 1 hit, 0 errors, 3 left on base; Ellenburg 8 - Augusta 8
TOP OF THE 9TH
Ellenburg Fighting Dachsunds batting - Pitching for Augusta Timber Hawks : RHP Cornelius Bigelow
Pitching: RHP Rodrigo Rangel
Now at 1B: Adrián Zamudio
Now in LF: Luis Moreno
Batting: SHB Eugene Clutch 0-0: Ball
1-0: Foul Ball, location: 2F
1-1: Swinging Strike
1-2: Foul Ball, location: 2F
1-2: Foul Ball, location: 2F
1-2: SINGLE (Line Drive, 4MD)
Batting: RHB José Vázquez 0-0: Ball
1-0: Swinging Strike
1-1: Swinging Strike
1-2: Ball
2-2: Foul Ball, location: 2F
2-2: Ball
3-2: Base on Balls
Eugene Clutch to second
Batting: RHB Steve Koch 0-0: Fly out, F8 (Flyball, 8LXD)
Runner from 2nd tags up, SAFE at 3rd, no throw
Batting: RHB Preston Hernández 0-0: Called Strike
0-1: Ground out U3 (Groundball, 3L)
José Vázquez to second
Batting: RHB Alan McLennan 0-0: Ball
1-0: Called Strike
1-1: SINGLE (Groundball, 34) (infield hit)
Eugene Clutch scores
José Vázquez to third
Batting: LHB Vicente Castaneda 0-0: SINGLE (Line Drive, 78S)
José Vázquez scores
Alan McLennan to second
Batting: RHB Roy Bowman 0-0: Called Strike
0-1: Foul Ball, location: 2F
0-2: Ball
1-2: Ball
2-2: SINGLE (Groundball, 56) (infield hit)
Alan McLennan to third
Vicente Castaneda to second
Pinch Hitting: RHB Gonzalo Sánchez 0-0: Swinging Strike
0-1: Ball
1-1: Ground out 6-3 (Groundball, 6)
Top of the 9th over - 2 runs, 4 hits, 0 errors, 3 left on base; Ellenburg 10 - Augusta 8
BOTTOM OF THE 9TH
Augusta Timber Hawks batting - Pitching for Ellenburg Fighting Dachsunds : RHP Brad Cunnick
Pitching: LHP José Tovar
Now at 3B: Gonzalo Sánchez
Batting: LHB Damian Delaney 0-0: Ball
1-0: Ball
2-0: Fly out, F8 (Flyball, 8RXD)
Batting: LHB Mike Hanson 0-0: Ball
1-0: Swinging Strike
1-1: Called Strike
1-2: Ball
2-2: Ball
3-2: Base on Balls
Batting: RHB Anastasio Hernández 0-0: Ball
1-0: Ball
2-0: Called Strike
2-1: Ball
3-1: Called Strike
3-2: Ground out 5-3 (Groundball, 56S)
Mike Hanson to second
Pinch Hitting: RHB José Pérez 0-0: Swinging Strike
0-1: Ball
1-1: Foul Ball, location: 2F
1-2: SINGLE (Line Drive, 56D)
Mike Hanson to third
Batting: SHB Adrián Zamudio 0-0: Ball
1-0: Called Strike
1-1: Swinging Strike
1-2: Foul Ball, location: 2F
1-2: Strikes out swinging
Bottom of the 9th over - 0 runs, 1 hit, 0 errors, 2 left on base; Ellenburg 10 - Augusta 8
Tuesday, December 19th, 2017 - OOTP Baseball 18.8 Build 76